 Dungeon Crawl Stone Soup version 0.29.1-1-gd02db6906a (webtiles) character file.

Game seed: 18039929681352053650

83 LordHaari the Insei (level 4, 0/28 HPs)
             Began as a Merfolk Transmuter on Sept 19, 2022.
             Was a Believer of Hepliaklqana.
             Slain by a gnoll
             ... wielding a +1 spear of freezing
              (2 damage)
             ... on level 3 of the Dungeon.
             The game lasted 00:18:23 (3627 turns).

LordHaari the Insei (Merfolk Transmuter)            Turns: 3627, Time: 00:18:24

Health: 0/28       AC:  3    Str: 10    XL:     4   Next: 44%
Magic:  8/8        EV: 13    Int: 12    God:    Hepliaklqana [**....]
Gold:   47         SH:  0    Dex: 16    Spells: 2/8 levels left

rFire   . . .      SeeInvis .     - Unarmed
rCold   . . .      Faith    .   (no shield)
rNeg    . . .      Spirit   .   a - +0 robe
rPois   .          Reflect  .   (helmet currently unavailable)
rElec   .          Harm     .   (no cloak)
rCorr   .          Rampage  .   t - +0 pair of gloves
Will    .....                   (boots currently unavailable)
Stlth   +.........              (no amulet)
HPRegen 0.09/turn               (no ring)
MPRegen 0.11/turn               (no ring)

@: appendages (expiring)
A: horns 2, reduced essence, (nimble swimmer 2), mertail
a: End Transformation, Renounce Religion, Ancestor Life: Knight, Ancestor Life:
Battlemage, Ancestor Life: Hexer, Recall Ancestor, Ancestor Identity


You were on level 3 of the Dungeon.
You worshipped Hepliaklqana.
Hepliaklqana was pleased with you.
You had temporarily grown beastly horns.
You visited 1 branch of the dungeon, and saw 3 of its levels.

You collected 146 gold pieces.
You spent 99 gold pieces at shops.

Inventory:

Hand Weapons
 g - a +0 club
 h - a +0 dagger
 k - a +0 club
 m - a +0 hand axe
 q - a +0 dagger
 u - a +0 sling
Missiles
 n - 4 poisoned darts
Armour
 a - a +0 robe (worn)
 l - a +0 chain mail
 t - a +0 pair of gloves (worn)
Jewellery
 v - an amulet of guardian spirit
Scrolls
 e - a scroll of immolation {unknown}
 i - 2 scrolls of identify {unknown}
 o - a scroll of teleportation {unknown}
 r - a scroll of noise {unknown}
Potions
 b - a potion of lignification
 c - a potion of attraction {unknown}
 d - a potion of might {unknown}
 f - 2 potions of mutation {unknown}
 j - a potion of resistance {unknown}
 p - 3 potions of brilliance {unknown}
 s - 2 potions of curing {unknown}


   Skills:
 - Level 1.1 Fighting
 + Level 2.7 Dodging
 + Level 4.7 Unarmed Combat
 * Level 2.7 Spellcasting
 * Level 3.5 Transmutations


You had 2 spell levels left.
You knew the following spells:

 Your Spells              Type           Power      Damage    Failure   Level
a - Beastly Appendage     Tmut           20%        N/A       6%          1
b - Wereblood             Tmut           10%        N/A       9%          2
c - Spider Form           Tmut/Pois      5%         N/A       36%         3

Your spell library contained the following spells:

 Spells                   Type           Power      Damage    Failure   Level
 Ice Form                 Ice/Tmut       5%         N/A       77%         4


Dungeon Overview and Level Annotations

Branches:
Dungeon (3/15)

Altars:
Hepliaklqana
Wu Jian

Shops:
D:1 [


Innate Abilities, Weirdness & Mutations

You have temporarily grown beastly horns.
Your life essence is reduced to manifest your ancestor. (-10% HP)
((You are very nimble when in or above water. (Stealth+, EV+, Speed+++)))
Your lower body shifts to a powerful aquatic tail in water.


Message History

The gnoll barely misses you.
You hit the gnoll.
The gnoll is heavily wounded.
The gnoll hits you with a +1 spear of freezing.
The gnoll freezes you.
You barely miss the gnoll.
The gnoll is heavily wounded.
The gnoll hits you with a +1 spear of freezing.
The gnoll freezes you. The gnoll closely misses you.
There is a stone staircase leading up here.
The gnoll closely misses you.
You climb upwards.
There is a stone staircase leading down here.
You start resting.
Chitauli emerges from the mists of memory!
You start resting.
HP restored.
You grow a pair of large bovine horns.
You climb downwards.
There is a stone staircase leading up here.
Your transformation is almost over.
The gnoll hits you from afar with a +1 spear of freezing!
The gnoll freezes you.
Chitauli barely misses the gnoll.
You swap places.
The gnoll barely misses you.
You hit the gnoll.
You headbutt the gnoll, but do no damage.
The gnoll is moderately wounded.
The gnoll misses you.
You barely miss the gnoll.
The gnoll is moderately wounded.
The gnoll hits you with a +1 spear of freezing.
The gnoll freezes you.
You hit the gnoll.
The gnoll is severely wounded.
Chitauli barely misses the gnoll.
The gnoll hits you with a +1 spear of freezing!
* * * LOW HITPOINT WARNING * * *
The gnoll freezes you.
You die...

..#....#...#
......#.#.#######...
#................... #
#.......#.......#.### ##
#......#.....#......
.####<.#..#...........#
..........(....g......# #
..####..#.#....gR.....#.# ...
................@.....#.##...#
.###.####.#................#.##
##...# #.#..............#....
#..### ##.#..........##.....##
..## #..#######.##.##......#
### #.## #.........#..## #.#
##....<........ # #.#
#......###..# # ###.######
#.......#


You could see the friendly Chitauli the ancestor and 2 gnolls.

Vanquished Creatures
  3 adders (D:2)
  A dart slug (D:1)
  A ball python (D:1)
  2 giant cockroaches (D:1)
  3 goblins
  2 hobgoblins
  2 jackals (D:2)
  A quokka (D:1)
  3 bats (D:2)
  3 frilled lizards
  4 kobolds
  2 rats (D:1)
27 creatures vanquished.

Vanquished Creatures (collateral kills)
  2 adders (D:2)
  2 endoplasms
  A giant cockroach (D:2)
  A goblin (D:3)
  A kobold (D:3)
  A ball python (D:3)
  A bat (D:2)
  A rat (D:2)
10 creatures vanquished.

Vanquished Creatures (others)
  3 ancestors
3 creatures vanquished.

Grand Total: 40 creatures vanquished

Notes
Turn   | Place    | Note
-------+----------+-------------------------------------------
     0 | D:1      | LordHaari the Merfolk Transmuter began the quest for the
                  | Orb.
     0 | D:1      | Reached XP level 1. HP: 15/15 MP: 3/3
   135 | D:1      | Found Omob's Antique Armour Shop.
   422 | D:1      | Reached XP level 2. HP: 21/21 MP: 5/5
   500 | D:1      | Found a faded altar of an unknown god.
   512 | D:1      | Learned a level 2 spell: Wereblood
   537 | D:1      | Prayed at the altar of an unknown god.
   537 | D:1      | Became a worshipper of Hepliaklqana the Forgotten
   537 | D:1      | Reached * piety under Hepliaklqana
  1190 | D:2      | Reached ** piety under Hepliaklqana
  1221 | D:2      | Reached skill level 4 in Unarmed Combat
  1221 | D:2      | Reached XP level 3. HP: 10/23 MP: 6/6
  2131 | D:2      | Reached XP level 4. HP: 21/28 MP: 7/7
  2898 | D:1      | Bought a pair of gloves for 99 gold pieces
  3015 | D:3      | Learned a level 3 spell: Spider Form
  3063 | D:3      | Found an ornate altar of the Wu Jian Council.
  3627 | D:3      | Slain by a gnoll

Illustrated notes

Levels and vault maps discovered:
D:1:      lightli_arrival_boilingwater, layout_basic, serial_shops,
          shop_fountains, shapermc_ecumenical_altar_gd
D:2:      layout_basic
D:3:      layout_rooms, nicolae_overflow_crystal_walls

Skill      XL: |  1  2 |
---------------+-------+-----
Transmutations | 3 |  3.5
Unarmed Combat | 4 |  4.7
Fighting       | |  1.1
Dodging        | |  2.7
Spellcasting   | |  2.7

Action                   |  1- 3 |  4- 6 || total
-------------------------+-------+-------++-------
Melee: Unarmed           |    90 |    13 ||   103
       Punch             |     1 |     1 ||     2
       Headbutt          |       |     1 ||     1
 Cast: Beastly Appendage |     2 |     1 ||     3
Armor: Robe              |     6 |       ||     6
Dodge: Dodged            |    51 |    17 ||    68
